 Dungeon Crawl Stone Soup version 0.30-a0-760-g5a9884bb7c (webtiles) character file.

Game seed: 5088631138412135434

15054 runemasterragnar the Covert (level 12, -7/81 HPs)
             Began as an Octopode Fighter on Feb 11, 2023.
             Was an Elder of Dithmenos.
             Mangled by a polar bear (20 damage)
             ... on level 3 of the Lair of Beasts.
             The game lasted 00:24:14 (14504 turns).

runemasterragnar the Covert (Octopode Fighter)     Turns: 14504, Time: 00:24:14

Health: -7/81      AC:  1    Str: 23    XL:     12   Next: 23%
Magic:  15/15      EV: 27    Int: 13    God:    Dithmenos [****..]
Gold:   1225       SH:  6    Dex: 18    Spells: 4/11 levels left

rFire   . . .      SeeInvis +    N - +7 rapier "Weco" {heavy, rElec Str+7 Int+3}
rCold   + . .      Faith    .    b - +0 buckler
rNeg    . . .      Spirit   .    (helmet restricted)
rPois   .          Reflect  .    (no amulet)
rElec   +          Harm     .    f - +4 ring of slaying
rCorr   .          Rampage  .    d - ring of see invisible
Will    .....      Clarity  +    s - +5 ring of evasion
Stlth   ++++++++                 P - +5 ring of evasion
HPRegen 0.33/turn                (no ring)
MPRegen 0.14/turn                (no ring)
                                 (no ring)
                                 (no ring)

@: wreathed by umbra
A: almost no armour, amphibious, 8 rings, camouflage 1, gelatinous body 1,
(nimble swimmer 1), tentacles, agile 1, clarity, cold resistance 1, wild magic 1
a: Renounce Religion, Shadow Step


You were on level 3 of the Lair of Beasts.
You worshipped Dithmenos.
Dithmenos was greatly pleased with you.
You visited 3 branches of the dungeon, and saw 14 of its levels.
You also visited: Ossuary and Bailey.

You collected 1225 gold pieces.

Inventory:

Hand Weapons
 N - the +7 rapier "Weco" (weapon) {heavy, rElec Str+7 Int+3}
   (You found it in a bailey)

   Str:       It affects your strength (+7).
   Int:       It affects your intelligence (+3).
   rElec:     It insulates you from electricity.
 S - a +2 scimitar of flaming
Missiles
 e - 17 poisoned darts (quivered)
 K - 7 throwing nets
Armour
 b - a +0 buckler (worn)
 y - an orb of light
Magical Staves
 H - a staff of earth
 I - a staff of air
 M - a staff of cold
Jewellery
 d - a ring of see invisible (right tentacle)
 f - a +4 ring of slaying (left tentacle)
 q - a ring of ice
 r - an amulet of faith
 s - a +5 ring of evasion (on tentacle)
 z - a ring of wizardry
 E - a ring of wizardry
 P - a +5 ring of evasion (on tentacle)
Wands
 h - a wand of polymorph (15)
 u - a wand of roots (3)
 v - a wand of paralysis (12)
 B - a wand of digging (5)
 D - a wand of flame (3)
 V - a wand of quicksilver (1)
Scrolls
 a - a scroll of silence {unknown}
 i - 4 scrolls of blinking
 k - 5 scrolls of teleportation
 o - 2 scrolls of enchant armour {unknown}
 t - a scroll of acquirement {unknown}
 x - 2 scrolls of fear
 G - 5 scrolls of immolation
 R - a scroll of fog {unknown}
 W - a scroll of torment {unknown}
 X - a scroll of poison {unknown}
 Y - a scroll of brand weapon {unknown}
 Z - a scroll of amnesia {unknown}
Potions
 c - 5 potions of might
 g - a potion of berserk rage
 j - 2 potions of cancellation
 l - 10 potions of curing
 m - 2 potions of invisibility
 n - 3 potions of lignification
 p - 6 potions of heal wounds
 w - a potion of flight
 C - 4 potions of haste
 F - a potion of resistance
 J - 3 potions of attraction
 Q - 3 potions of mutation
 T - a potion of brilliance {unknown}
Miscellaneous
 L - a lightning rod (4/4)
 O - a phantom mirror


   Skills:
 + Level 7.6 Fighting
 * Level 6.8(8.4) Short Blades
 - Level 7.6(8.8) Long Blades
 + Level 7.7 Dodging
 + Level 9.8 Stealth
 + Level 7.6 Shields
 + Level 6.9 Unarmed Combat
 - Level 4.2 Invocations
 + Level 5.3 Evocations


You had 4 spell levels left.
You knew the following spells:

 Your Spells              Type           Power      Damage    Failure   Level
a - Dragon Form           Tmut           0%         N/A       100%        7

Your spell library contained the following spells:

 Spells                   Type           Power      Damage    Failure   Level
 Freeze                   Ice            0%         1d3       45%         1
 Static Discharge         Conj/Air       0%         2-2/arc   58%         2
 Frozen Ramparts          Ice            0%         1d1       82%         3
 Hailstorm                Conj/Ice       0%         3d3       82%         3
 Summon Guardian Golem    Hex/Summ       0%         N/A       82%         3
 Tukima's Dance           Hex            0%         N/A       82%         3
 Vhi's Electric Charge    Tloc/Air       0%         N/A       82%         3
 Passage of Golubria      Tloc           0%         N/A       99%         4
 Arcjolt                  Conj/Air       0%         1d10      100%        5
 Blade Hands              Tmut           0%         N/A       100%        5
 Irradiate                Conj/Tmut      0%         3d11      100%        5
 Lightning Bolt           Conj/Air       0%         1d11      100%        5
 Yara's Violent Unravell  Hex/Tmut       0%         3d3       100%        5
 Orb of Destruction       Conj           0%         9d5       100%        7
 Spellforged Servitor     Conj/Summ      0%         N/A       100%        7


Dungeon Overview and Level Annotations

Branches:
Dungeon (10/15)            Temple (1/1) D:5            Lair (3/5) D:10
 Shoals (0/4) Lair:2       Spider (0/4) Lair:3      Ossuary (visited)
 Bailey (visited)
    Orc: D:9-12

Altars:
Ashenzari
Cheibriados
Dithmenos
Elyvilon
Gozag
Hepliaklqana
Kikubaaqudgha
Makhleb
Nemelex Xobeh
Okawaru
Qazlal
Ru
Sif Muna
Trog
Uskayaw
Vehumet
Wu Jian
Xom
Yredelemnul
Zin
The Shining One

Shops:
D:2 *

Annotations:
D:7 3 runed translucent doors, Esekla's ghost, novice OpDe
D:10 Erolcha


Innate Abilities, Weirdness & Mutations

You cannot wear most types of armour.
You are amphibious.
You can wear up to eight rings at the same time.
Your skin changes colour to match your surroundings (Stealth+).
Your rubbery body absorbs attacks. (AC +1, EV +1)
((You are camouflaged when in or above water. (Stealth+)))
You have tentacles for arms and can constrict up to eight enemies at once.
You are agile. (Dex +4, Str/Int -1)
You possess an exceptional clarity of mind.
Your flesh is cold resistant. (rC+)
Your spells are a little harder to cast, but a little more powerful.


Message History

You are encased in ice.
The blink frog blinks!
Unknown command.
Unknown command.
Unknown command.
Okay, then.
As you read the scroll of fear, it crumbles to dust.
You assume a fearsome visage.
The rime drake looks frightened!
The yak looks frightened! x2; The blink frog looks frightened! x2
The polar bear looks frightened!
The blink frog blinks! x2
Unknown command.
Okay, then.
As you read the scroll of teleportation, it crumbles to dust.
You feel strangely unstable.
The blink frog blinks! x2
Your surroundings suddenly seem different.
The ice encasing you melts away.
You start resting.
A polar bear is nearby!
A polar bear is nearby!
A polar bear is nearby!
The polar bear bites you. The polar bear barely misses you.
The polar bear misses you.
You hit the polar bear.
The polar bear is lightly wounded.
The polar bear completely misses you. The polar bear claws you. x2
You hit the polar bear.
The polar bear is lightly wounded.
Your shadow hits the polar bear but does no damage.
The polar bear bites you!
* * * LOW HITPOINT WARNING * * *
You block the polar bear's attack. The polar bear completely misses you.
You puncture the polar bear!
The polar bear is moderately wounded.
You block the polar bear's attack. The polar bear closely misses you.
The polar bear misses you.
You puncture the polar bear! You squeeze the polar bear.
The polar bear is severely wounded.
The polar bear goes berserk!
The polar bear bites you!!
You die...

#### ##...# #....#
###...# #....## #....#
#.#...# ##.).P####...#
##...P## #.....#.##...#
#.....P###...#..##....#
#.....##.#.^...#......
#P....................
##....h........##.....
#....@##.....#####...#
#.....##.#...# #...#
##...######### #..#Y
#...## ### #..Y. #...#
####.# ##... ##...
#....## ##.. #....
##...P# ### ....##
##...### # ##...#
#.#....##### #


You could see a polar bear (berserk).

Vanquished Creatures
  A two-headed ogre (D:9)
  Erica (D:9)
  A skyshark (Lair:2)
  An orb spider (Lair:3)
  Pikel (D:5)
  A torpor snail (Lair:1)
  A black mamba (Lair:3)
  Joseph (Lair:1)
  3 cane toads
  2 komodo dragons
  2 rime drakes
  4 polar bears
  A hornet (D:8)
  A blink frog (Lair:3)
  Grinder (D:5)
  A wraith (D:9)
  6 yaks
  2 steam dragons
  A basilisk (Lair:2)
  An acid dragon (D:7)
  4 water moccasins
  5 orc warriors
  4 ice beasts
  3 sky beasts
  A black bear (D:6)
  2 ogres (D:6)
  10 wolves
  3 centaurs (D:9)
  A kobold brigand (D:7)
  4 lemures (D:5)
  8 bullfrogs
  Blork the orc (D:4)
  A necrophage (D:6)
  4 scorpions
  7 gnoll sergeants
  3 wights (D:7)
  12 killer bees
  3 electric eels
  2 howler monkeys
  A human zombie (Ossuary)
  4 centaur zombies (Ossuary)
  3 jellies
  2 orc priests
  6 hounds
  5 gnoll boudas (Bailey)
  Ijyb (D:5)
  4 iguanas
  9 orc wizards
  An ogre zombie (Ossuary)
  7 mummies (Ossuary)
  28 gnolls
  4 adders
  2 shadow imps
  A white imp (D:7)
  An ufetubus (D:5)
  3 adder zombies (Ossuary)
  4 worms
  2 dart slugs (D:1)
  27 orcs
  2 bats
  4 endoplasms
  6 giant cockroaches
  2 gnoll zombies (Ossuary)
  9 goblins
  4 hobgoblins
  2 jackals (D:2)
  4 quokkas
  3 ball pythons
  4 frilled lizards (D:1)
  4 goblin zombies (Ossuary)
  4 hobgoblin zombies (Ossuary)
  5 kobolds
  5 kobold zombies (Ossuary)
  2 quokka zombies (Ossuary)
  9 rats
  4 rat zombies (Ossuary)
299 creatures vanquished.

Vanquished Creatures (others)
  5 fungi
  5 plants
  A withered plant (D:3)
11 creatures vanquished.

Grand Total: 310 creatures vanquished

Notes
Turn   | Place    | Note
-------+----------+-------------------------------------------
     0 | D:1      | runemasterragnar the Octopode Fighter began the quest for
                  | the Orb.
     0 | D:1      | Reached XP level 1. HP: 16/16 MP: 1/1
    63 | D:1      | Found a faded altar of an unknown god.
   150 | D:1      | Reached skill level 1 in Stealth
   152 | D:1      | Reached XP level 2. HP: 14/21 MP: 2/2
   391 | D:1      | Reached XP level 3. HP: 26/26 MP: 3/3
   634 | D:2      | Reached skill level 1 in Unarmed Combat
   755 | D:1      | Gained mutation: Your flesh is cold resistant. (rC+)
                  | [potion of mutation]
   755 | D:1      | Gained mutation: Your spells are a little harder to cast,
                  | but a little more powerful. [potion of mutation]
   755 | D:1      | Gained mutation: You possess an exceptional clarity of
                  | mind. [potion of mutation]
   755 | D:1      | Gained mutation: You are agile. (Dex +4, Str/Int -1)
                  | [potion of mutation]
   802 | D:2      | Found Ixilihah's Assorted Antiques.
   979 | D:2      | Reached XP level 4. HP: 31/31 MP: 4/4
  1787 | D:3      | Found an ancient bone altar of Kikubaaqudgha.
  1958 | D:3      | Noticed a moth of wrath
  1980 | D:3      | Found a bloodstained altar of Trog.
  2008 | D:3      | Reached skill level 2 in Stealth
  2393 | D:3      | Found an iron altar of Okawaru.
  2396 | D:3      | Reached XP level 5. HP: 36/36 MP: 5/5
  2645 | D:4      | Reached XP level 6. HP: 14/43 MP: 6/6
  3116 | D:4      | Noticed Blork the orc
  3129 | D:4      | Killed Blork the orc
  3130 | D:4      | Reached skill level 3 in Stealth
  3628 | D:4      | Reached XP level 7. HP: 47/48 MP: 7/7
  3884 | D:5      | Entered Level 5 of the Dungeon
  3990 | D:5      | Noticed Ijyb
  4016 | D:5      | Killed Ijyb
  4068 | D:5      | Found a sparkling altar of Nemelex Xobeh.
  4123 | D:5      | Noticed Pikel
  4165 | D:5      | Killed Pikel
  4166 | D:5      | Reached skill level 5 in Long Blades
  4166 | D:5      | Reached skill level 4 in Stealth
  4166 | D:5      | Reached skill level 1 in Evocations
  4166 | D:5      | Reached XP level 8. HP: 51/54 MP: 8/8
  4222 | D:5      | Noticed Grinder
  4233 | D:5      | Killed Grinder
  4267 | D:5      | Reached skill level 5 in Stealth
  4530 | D:5      | Found a staircase to the Ecumenical Temple.
  4554 | Temple   | Entered the Ecumenical Temple
  4746 | Temple   | Became a worshipper of Dithmenos the Shadowed
  4808 | D:6      | Reached skill level 5 in Shields
  4920 | D:6      | Reached skill level 5 in Fighting
  4920 | D:6      | Reached XP level 9. HP: 40/61 MP: 9/9
  4930 | D:6      | Found a sand-covered staircase.
  4947 | Ossuary  | Entered an ossuary
  5012 | Ossuary  | Reached skill level 5 in Dodging
  5218 | Ossuary  | Reached * piety under Dithmenos
  5774 | D:6      | Reached skill level 6 in Stealth
  6618 | D:7      | Found a flagged portal.
  6658 | Bailey   | Entered a bailey
  6863 | Bailey   | Reached ** piety under Dithmenos
  7271 | Bailey   | Reached skill level 1 in Invocations
  7787 | Bailey   | Reached XP level 10. HP: 47/68 MP: 11/11
  8246 | Bailey   | Reached skill level 7 in Stealth
  8253 | Bailey   | Identified the +7 rapier "Weco" {heavy, rElec Str+7 Int+3}
  8416 | D:7      | Found a white marble altar of Elyvilon.
  8496 | D:7      | Reached skill level 5 in Unarmed Combat
  8499 | D:7      | Reached *** piety under Dithmenos
  8755 | D:7      | Reached skill level 1 in Short Blades
  8896 | D:7      | Found a runed translucent gate.
  8897 | D:7      | Found a runed translucent gate.
  8898 | D:7      | Found a runed translucent gate.
  8899 | D:7      | Noticed a kobold demonologist
  8903 | D:7      | Noticed Esekla's ghost (novice OpDe)
 10408 | D:9      | Noticed Erica
 10416 | D:9      | Killed Erica
 10428 | D:9      | Found a glowing silver altar of Zin.
 10449 | D:9      | Learned a level 7 spell: Dragon Form
 10455 | D:9      | Found a hide-covered altar of Uskayaw.
 10590 | D:9      | Identified the +2 trident of Inconvenience {pain, Str+3
                  | Int+3}
 10702 | D:9      | Reached skill level 8 in Stealth
 10704 | D:9      | Reached **** piety under Dithmenos
 10761 | D:9      | Reached XP level 11. HP: 74/74 MP: 13/13
 11001 | D:9      | Noticed a two-headed ogre
 11416 | D:10     | Entered Level 10 of the Dungeon
 11611 | D:10     | Noticed Erolcha
 11845 | D:9      | Killed a two-headed ogre
 12120 | D:10     | Found a staircase to the Lair.
 12208 | Lair:1   | Entered Level 1 of the Lair of Beasts
 12227 | Lair:1   | Reached skill level 5 in Short Blades
 13019 | Lair:1   | Noticed Joseph
 13022 | Lair:1   | Killed Joseph
 13036 | Lair:1   | Found an ancient bone altar of Kikubaaqudgha.
 13293 | Lair:2   | Reached skill level 9 in Stealth
 13932 | Lair:2   | Found a staircase to the Shoals.
 13943 | Lair:2   | Noticed a skyshark
 13955 | Lair:2   | Killed a skyshark
 13956 | Lair:2   | Reached XP level 12. HP: 41/81 MP: 15/15
 14196 | Lair:3   | Reached skill level 5 in Evocations
 14272 | Lair:3   | Found a hole to the Spider Nest.
 14504 | Lair:3   | Mangled by a polar bear

Illustrated notes

Levels and vault maps discovered:
D:1:      minmay_arrival_semitransparent, layout_rooms,
          hellmonk_ecumenical_altar_crossroads, grunt_decor_one_mirror,
          minmay_misc_feat_secret_circle
D:2:      layout_basic, serial_shops, nicolae_square_shop
D:3:      layout_rooms, kiku_gazebo_garden_becter, kennysheep_okawaru_gauntlet,
          tgw_trog, minmay_door_square
D:4:      layout_gridville, uniq_blork_the_orc
D:5:      layout_rooms, nicolae_overflow_hidden_temple,
          lemuel_temple_firewalk_b, uniq_pikel, uniq_ijyb, uniq_grinder
D:6:      layout_cave_pods, nicolae_ossuary_entry_monument
D:7:      layout_loops_corners, mainiacjoe_overflow_tiny_flanked,
          enter_bailey_5, gammafunk_ghost_nasty_kobolds
D:8:      layout_basic, chequers_serial_rivers_micro_c, minmay_circle_x
D:9:      layout_roguey, nicolae_overflow_squiral, uniq_erica
D:10:     layout_cave_pools, kennysheep_mini_moat, hellmonk_lair_entry_icy,
          uniq_erolcha
Temple:   eino_narrow_crystal_temple
Lair:1:   layout_roguey, basic_altar, chequers_serial_rivers_micro_b,
          uniq_joseph
Lair:2:   layout_cave_shapes, elwin_shoals_entry_rooms
Lair:3:   layout_concentric_octagons, nicolae_spider_entry_orb_guardian,
          uniq_amaemon

Skill      XL: |  1  2  3  4  5  6  7  8  9 10 11 12 |
---------------+-------------------------------------+-----
Stealth        | 1 2 3 4 5 6 8 9 |  9.8
Unarmed Combat | 1 2 3 4 5 6 |  6.9
Long Blades    | 3 4 5 6 7 |  7.6
Fighting       | 4 5 6 7 |  7.6
Shields        | 4 5 6 7 |  7.6
Dodging        | 4 5 6 7 |  7.7
Evocations     | 1 2 3 4 5 |  5.3
Invocations    | 1 3 4 |  4.2
Short Blades   | 3 6 |  6.8

Action                     |  1- 3 |  4- 6 |  7- 9 | 10-12 || total
---------------------------+-------+-------+-------+-------++-------
  Melee: Long sword        |    38 |    80 |   271 |    22 ||   411
         Constrict         |    15 |    16 |    71 |    40 ||   142
         Tentacles         |    11 |    13 |    70 |    56 ||   150
         Punch             |       |     3 |     8 |     9 ||    20
         Rapier            |       |       |       |   219 ||   219
  Throw: Dart              |       |    38 |    13 |    18 ||    69
  Evoke: Wand              |       |       |     7 |    14 ||    21
         Lightning rod     |       |       |       |     3 ||     3
    Use: Potion            |     2 |     1 |     1 |       ||     4
         Scroll            |     1 |     1 |     3 |    17 ||    22
   Stab: Sleeping          |     2 |     4 |    29 |    27 ||    62
         Distracted        |     1 |       |     2 |     2 ||     5
         Paralysed         |       |       |     4 |     4 ||     8
 Armour: Skin              |     1 |     1 |     8 |     5 ||    15
  Dodge: Dodged            |    18 |    42 |   224 |   300 ||   584
  Block: Buckler           |     7 |    16 |    80 |    74 ||   177

Table legend: (Time is in decaauts)
 A = Elapsed time spent in this place.
 B = Non-inter-level travel time spent in this place.
 C = Inter-level travel time spent in this place.
 D = Time resting spent in this place.
 E = Time spent auto-exploring this place.
 F = Levels seen in this place.
 G = Mean time per level.
                   A        B        C        D        E       F      G
               +--------+--------+--------+--------+--------+-----+--------+
         Total |  14642 |  13866 |    776 |   2436 |   8405 |  16 |  915.1 |
       Dungeon |   9846 |   9174 |    672 |   1037 |   6267 |  10 |  984.6 |
        Temple |    200 |    172 |     28 |      0 |    165 |   1 |  200.0 |
          Lair |   2334 |   2258 |     76 |    552 |   1280 |   3 |  778.0 |
       Ossuary |    586 |    586 |      0 |      0 |    381 |   1 |  586.0 |
        Bailey |   1673 |   1673 |      0 |    847 |    312 |   1 | 1673.0 |
               +--------+--------+--------+--------+--------+-----+--------+

Top non-repeatable levels by time:
  Bailey: 1673 daAuts
     D:4: 1580 daAuts
     D:9: 1542 daAuts
  Lair:1: 1274 daAuts
     D:7: 1236 daAuts
     D:6: 1172 daAuts
     D:2: 1038 daAuts
     D:8: 843 daAuts
  Lair:2: 718 daAuts
     D:3: 710 daAuts
     D:5: 708 daAuts
     D:1: 684 daAuts
 Ossuary: 586 daAuts
  Lair:3: 341 daAuts
    D:10: 330 daAuts
